 Dungeon Crawl Stone Soup version 0.29.0-4-gdea44cf6ec (webtiles) character file.

Game seed: 13578171854365554284

20 qw the Chopper (level 2, 0/17 HPs)
             Began as a Tengu Warper on Aug 28, 2022.
             Slain by a gnoll
             ... wielding a +0 club
              (5 damage)
             ... on level 1 of the Dungeon.
             The game lasted 00:00:06 (1484 turns).

qw the Chopper (Tengu Warper)                       Turns: 1484, Time: 00:00:06

Health: 0/17       AC:  3    Str: 11    XL:     2   Next: 79%
Magic:  6/6        EV: 11    Int: 13    God:
Gold:   21         SH:  0    Dex: 13    Spells: 5/5 levels left

rFire   . . .      SeeInvis +   Y - +0 hand axe
rCold   . . .      Faith    .   (no shield)
rNeg    . . .      Spirit   .   b - +0 leather armour
rPois   .          Reflect  .   (helmet restricted)
rElec   .          Harm     .   (no cloak)
rCorr   .          Rampage  .   (no gloves)
Will    .....                   (boots unavailable)
Stlth   +.........              (no amulet)
HPRegen 0.05/turn               e - ring of see invisible
MPRegen 0.10/turn               (no ring)

@: no status effects
A: beak, talons 3
a: no special abilities


You were on level 1 of the Dungeon.
You visited 1 branch of the dungeon, and saw 2 of its levels.

You collected 21 gold pieces.


Innate Abilities, Weirdness & Mutations

You have a beak for a mouth.
You have claws for feet.


   Skills:
 - Level 2.0 Fighting
 + Level 3.6 Axes
 - Level 1.0 Throwing
 - Level 1.1 Armour
 - Level 2.1 Dodging
 - Level 2.0 Spellcasting
 - Level 2.4 Translocations


You had 5 spell levels left.
You didn't know any spells.
Your spell library contained the following spells:

 Spells                   Type           Power      Damage    Failure   Level
 Blink                    Tloc           14%        N/A       19%         2
 Gell's Gravitas          Tloc           7%         N/A       36%         3
 Lesser Beckoning         Tloc           7%         N/A       36%         3
 Teleport Other           Tloc           7%         N/A       36%         3
 Manifold Assault         Tloc           7%         N/A       98%         5

Inventory:

Hand Weapons
 i - a +0 mace
 Y - a +0 hand axe (weapon)
Armour
 b - a +0 leather armour (worn)
Jewellery
 e - a ring of see invisible (left hand)
Potions
 d - a potion of ambrosia {unknown}
 f - a potion of curing {unknown}
 k - a potion of flight {unknown}

Dungeon Overview and Level Annotations

Branches:
Dungeon (2/15)

Altars:


Message History

(D) Dungeon
Where to? (* - list waypoints, Enter - D:2, ? - help)
What level of the Dungeon? (default 1, ? - help)
You climb downwards.
The kobold throws a stone.
The stone closely misses you.
There is a stone staircase leading up here.
A gnoll comes into view. It is wielding a +0 club.
1472 ||| STAIRDANCE The kobold barely misses you.
You climb upwards.
There is a stone staircase leading down here.
You hit the kobold.
You kill the kobold!
Done exploring.
(D) Dungeon
Where to? (* - list waypoints, Enter - D:2, ? - help)
What level of the Dungeon? (default 1, ? - help)
You climb downwards.
There is a stone staircase leading up here.
A gnoll is nearby!
You barely miss the gnoll. The gnoll closely misses you.
A gnoll comes into view. It is wielding a +0 halberd.
A gnoll comes into view. It is wielding a +0 club.
The gnoll hits you but does no damage.
1479 ||| STAIRDANCE The gnoll shouts! x2
The gnoll hits you with a +0 club!
You climb upwards.
There is a stone staircase leading down here.
You hit the gnoll but do no damage. You claw the gnoll, but do no damage.
The gnoll barely misses you.
You closely miss the gnoll. You punch the gnoll, but do no damage.
The gnoll hits you with a +0 club.
You completely miss the gnoll. You claw the gnoll. Your peck misses the gnoll.
The gnoll is heavily wounded.
The gnoll barely misses you.
You completely miss the gnoll. You claw the gnoll.
The gnoll is severely wounded.
The gnoll hits you with a +0 club.
You die...

#.....#...#.......###
#. #...#.......#....##
#. #.#...........#..#
#. #..(...#........##
#. #########...##### ##
#.....## #.#####
#######
#.###############...[.#
#.##..g@%.........###.#
#.##.############## #.#
#.##.# #.# #.##.# #.#
#.##.# #.# #.##.# #.##
#....# #... ###### ####


You could see a gnoll.

Vanquished Creatures
  A bat (D:1)
  3 hobgoblins
  A quokka (D:1)
  2 ball pythons
  2 frilled lizards (D:1)
  2 goblins
  7 kobolds
  A rat (D:1)
19 creatures vanquished.

Notes
Turn   | Place    | Note
-------+----------+-------------------------------------------
     0 | D:1      | qw the Tengu Warper began the quest for the Orb.
     0 | D:1      | Reached XP level 1. HP: 12/12 MP: 4/4
     0 | D:1      | 0 ||| qw: Version: 0.1-a-89-g26bdef1
     0 | D:1      | 0 ||| qw: Game counter: 1664
     0 | D:1      | 0 ||| qw: Always use a shield: true
     0 | D:1      | 0 ||| qw: God list: Okawaru
     0 | D:1      | 0 ||| qw: Allow faded altars: false
     0 | D:1      | 0 ||| qw: Do Orc after D:15 true
     0 | D:1      | 0 ||| qw: Do second Lair branch before Depths: true
     0 | D:1      | 0 ||| qw: Lair rune preference: random
     0 | D:1      | 0 ||| qw: Plans: Normal
     0 | D:1      | 0 ||| PLANNING D:1-11
   210 | D:1      | Reached XP level 2. HP: 17/17 MP: 6/6
   223 | D:1      | Found a faded altar of an unknown god.
   294 | D:1      | Reached skill level 3 in Axes
   764 | D:1      | HP: 4/17 [kobold/+0 short sword (4)]
  1166 | D:1      | 1166 ||| UPGRADING to ring of see invisible.
  1167 | D:1      | 1167 ||| READING scroll labelled MYCRYRR YFIDI.
  1168 | D:1      | 1168 ||| READING scroll labelled JEXO MIOLIRCHE.
  1292 | D:1      | 1292 ||| READING scroll labelled FUATEE JIKKETU.
  1296 | D:1      | 1296 ||| DROPPING scroll of blinking.
  1345 | D:2      | 1345 ||| STAIRDANCE
  1353 | D:2      | 1353 ||| STAIRDANCE
  1427 | D:2      | 1427 ||| FLEEEEING.
  1428 | D:2      | 1428 ||| FLEEEEING.
  1430 | D:2      | 1430 ||| STAIRDANCE
  1472 | D:2      | 1472 ||| STAIRDANCE
  1479 | D:2      | 1479 ||| STAIRDANCE
  1484 | D:1      | Slain by a gnoll

Levels and vault maps discovered:
D:1:      dpeg_arrival_yet_another_circle, layout_loops_ring,
          shapermc_ecumenical_altar_acropolis, minmay_misc_feat_more_columns,
          minmay_heptomino_o4
D:2:      layout_basic, basic_altar

Skill      XL: |  1  2 |
---------------+-------+-----
Axes           | 3 |  3.6
Fighting       | |  2.0
Throwing       | |  1.0
Armour         | |  1.1
Dodging        | |  2.1
Spellcasting   | |  2.0
Translocations | |  2.4

Action                   || total
-------------------------++-------
Melee: Hand axe          ||    44
       Peck              ||     6
       Kick              ||    11
       Punch             ||     2
Throw: Boomerang         ||     7
  Use: Scroll            ||     3
Armor: Leather armour    ||    11
Dodge: Dodged            ||    22

Table legend:
 A = Non-vault XP
 B = Vault XP
 C = Vault XP percentage of total XP
 D = Non-vault monster count
 E = Vault monster count
 F = Vault count percentage of total count
                 A         B        C        D         E       F
            +---------+---------+-------+---------+---------+-------
      Total |      26 |       3 |  10.3 |      17 |       2 |  10.5
            +---------+---------+-------+---------+---------+-------
        D:1 |      19 |       3 |  13.6 |      13 |       2 |  13.3
        D:2 |       7 |       0 |   0.0 |       4 |       0 |   0.0
            +---------+---------+-------+---------+---------+-------
